 Dungeon Crawl Stone Soup version 0.22-a0-274-gf8199ec (webtiles) character file.

74 Vesto the Skirmisher (level 4, -3/29 HPs)
             Began as a Gargoyle Fighter on Mar 14, 2018.
             Slain by an ogre
             ... wielding a +0 giant club
              (6 damage)
             ... on level 4 of the Dungeon.
             The game lasted 00:02:24 (740 turns).

Vesto the Skirmisher (Gargoyle Fighter)              Turns: 740, Time: 00:02:25

Health: -3/29      AC: 10    Str: 19    XL:     4   Next: 28%
Magic:  5/5        EV:  7    Int: 10    God:
Gold:   73         SH:  9    Dex:  9    Spells: 5/5 levels left

rFire    . . .     SeeInvis .   a - +0 flail
rCold    . . .     Gourm    .   c - +0 shield
rNeg     + . .     Faith    .   b - +0 scale mail
rPois    ∞         Spirit   .   (no helmet)
rElec    +         Reflect  .   (no cloak)
rCorr    .         Harm     .   (no gloves)
MR       .....                  (no boots)
Stlth    ..........             (no amulet)
HPRegen  0.09/turn              (no ring)
MPRegen  0.09/turn              (no ring)

@: no status effects
A: negative energy resistance 1, electricity resistance, unbreathing,
petrification resistance, rot immunity, AC +3
a: no special abilities


You were on level 4 of the Dungeon.
You were not hungry.

You visited 1 branch of the dungeon, and saw 4 of its levels.

You collected 73 gold pieces.

Inventory:

Hand Weapons
 a - a +0 flail (weapon)
Armour
 b - a +0 scale mail (worn)
 c - a +0 shield (worn)
Jewellery
 g - an uncursed ring of wizardry {unknown}
Scrolls
 e - 5 scrolls of identify {unknown}
 h - 2 scrolls of teleportation {unknown}
 i - a scroll of magic mapping {unknown}
Potions
 j - a potion of degeneration {unknown}
 k - a potion of agility {unknown}
Comestibles
 d - 2 chunks of flesh
 f - 3 rations


   Skills:
 * Level 3.8 Fighting
 * Level 2.7 Maces & Flails
 + Level 0.5 Throwing
 + Level 3.5 Armour
 + Level 0.5 Dodging
 * Level 3.6 Shields
 * Level 1.2 Spellcasting


You had 5 spell levels left.
You didn't know any spells.

Dungeon Overview and Level Annotations

Branches:
Dungeon (4/15)
 Temple: D:4-7

Altars:


Innate Abilities, Weirdness & Mutations

You are resistant to torment.
Your stone body is resilient. (AC +3)
You are immune to poison.
You resist negative energy. (rN+)
You are resistant to electric shocks. (rElec)
You can survive without breathing.
You are immune to petrification.
You are immune to rotting.


Message History

You now have 73 gold pieces (gained 4).
An ogre comes into view. It is wielding a giant club.
You hit the ogre.
The ogre is lightly wounded.
The ogre hits you with a giant club!
Your shield prevents you from hitting the ogre.
The ogre is lightly wounded.
You feel a little less mighty now. You block the ogre's attack.
You barely miss the ogre.
The ogre is lightly wounded.
You block the ogre's attack.
You hit the ogre.
The ogre is moderately wounded.
The ogre hits you with a giant club!
* * * LOW HITPOINT WARNING * * *
You hit the ogre.
The ogre is heavily wounded.
The ogre hits you with a giant club.
You die...

#.. ###...#.##..##.#.#
#.. #..............#.#
#..##.#...#.##..####.#
..................<.#
.....##..#.##.####.....
...##.......[..# ##.###
##..........#### #.#
########..### #.#
......O@..# #.#
#########....... ..#
######## ##


You could see an ogre.

Vanquished Creatures
  An iguana (D:4)
  5 dart slugs
  2 leopard geckos (D:2)
  A ball python (D:4)
  2 bats (D:1)
  4 giant cockroaches
  A goblin (D:1)
  2 hobgoblins (D:1)
  9 jackals
  2 kobolds
29 creatures vanquished.

Notes
Turn   | Place    | Note
-------+----------+-------------------------------------------
     0 | D:1      | Vesto the Gargoyle Fighter began the quest for the Orb.
     0 | D:1      | Reached XP level 1. HP: 14/14 MP: 1/1
   215 | D:1      | Reached XP level 2. HP: 17/19 MP: 2/2
   481 | D:2      | Reached XP level 3. HP: 18/23 MP: 4/4
   532 | D:3      | Reached skill level 1 in Spellcasting
   707 | D:4      | Reached XP level 4. HP: 16/29 MP: 5/5
   733 | D:4      | Noticed an ogre
   740 | D:4      | Slain by an ogre

Vault maps used:
D:1:      ncdulo_wetmaze
D:2:      uniq_sigmund
D:3:      kennysheep_slugbush, first_ration, minmay_rat_hole
D:4:      minmay_temple_entry_glassed_door

Skill      XL: |  1  2  3 |
---------------+----------+-----
Spellcasting   | 1 |  1.2
Fighting       | |  3.8
Maces & Flails | |  2.7
Throwing       | |  0.5
Armour         | |  3.5
Dodging        | |  0.5
Shields        | |  3.6

Action                   |  1- 3 |  4- 6 || total
-------------------------+-------+-------++-------
Melee: Flail             |   110 |     7 ||   117
  Use: Potion            |     1 |       ||     1
Armor: Scale mail        |    64 |     1 ||    65
Dodge: Dodged            |    51 |     1 ||    52
Block: Shield            |    94 |     5 ||    99

Table legend:
 A = Spawn XP
 B = Non-spawn XP
 C = Spawn XP percentage of total XP
 D = Spawn monster count
 E = Non-spawn monster count
 F = Spawn count percentage of total count
 G = Total turns spent on level
                    A         B        C        D         E        F      G
               +---------+---------+-------+---------+---------+-------+---------
         Total |       0 |     106 |   0.0 |       0 |      29 |   0.0 |   740
               +---------+---------+-------+---------+---------+-------+---------
           D:1 |       0 |      28 |   0.0 |       0 |      14 |   0.0 |   442
           D:2 |       0 |       9 |   0.0 |       0 |       4 |   0.0 |    49
           D:3 |       0 |      24 |   0.0 |       0 |       8 |   0.0 |   150
           D:4 |       0 |      45 |   0.0 |       0 |       3 |   0.0 |    99
               +---------+---------+-------+---------+---------+-------+---------
